 Dungeon Crawl Stone Soup version 0.23.2-1-ga50397a (webtiles) character file.

Game seed: 5247628627063517021

128 troglodite the Magician (level 5, 0/32 HPs)
             Began as an Octopode Wizard on May 23, 2019.
             Killed from afar by an orc wizard (13 damage)
             ... with a puff of flame
             ... on level 2 of the Dungeon.
             The game lasted 00:10:17 (3250 turns).

troglodite the Magician (Octopode Wizard)           Turns: 3250, Time: 00:10:18

Health: 0/32       AC:  1    Str:  7    XL:     5   Next: 12%
Magic:  7/10       EV: 14    Int: 20    God:
Gold:   124        SH:  0    Dex: 11    Spells: 5/11 levels left

rFire    . . .     SeeInvis .   e - +0 dagger
rCold    . . .     Gourm    .   (no shield)
rNeg     . . .     Faith    .   a - +0 hat
rPois    .         Spirit   .   (no amulet)
rElec    .         Reflect  .   (no ring)
rCorr    .         Harm     .   (no ring)
MR       .....                  (no ring)
Stlth    +++.......             (no ring)
HPRegen  0.10/turn              (no ring)
MPRegen  0.12/turn              (no ring)
                                (no ring)
                                (no ring)

@: very slightly contaminated
A: almost no armour, stealthy swim, amphibious, 8 rings, constrict 8, camouflage
1, gelatinous body 1
a: no special abilities


You were on level 2 of the Dungeon.
You were not hungry.

You visited 1 branch of the dungeon, and saw 3 of its levels.

You collected 124 gold pieces.

Inventory:

Hand Weapons
 e - a +0 dagger (weapon)
Armour
 a - a +0 hat (worn)
Scrolls
 d - 3 scrolls of remove curse {unknown}
 g - a scroll of magic mapping {unknown}
 j - a scroll of immolation {unknown}
Potions
 b - a potion of magic {unknown}
 f - 2 potions of brilliance {unknown}
 h - a potion of ambrosia {unknown}
Comestibles
 c - 2 rations
 i - 7 chunks of flesh


   Skills:
 * Level 0.9 Fighting
 * Level 0.6 Short Blades
 * Level 2.8 Dodging
 * Level 3.6 Stealth
 * Level 3.6 Spellcasting
 * Level 2.2 Conjurations
 * Level 1.4 Summonings
   Level 1.0 Translocations
 * Level 0.8 Fire Magic


You had 5 spell levels left.
You knew the following spells:

 Your Spells              Type           Power        Failure   Level  Hunger
a - Magic Dart            Conj           ##..         5%          1    None
b - Call Imp              Summ           #.......     12%         2    ##.....
c - Conjure Flame         Conj/Fire      #.......     22%         3    ###....

Your spell library contained the following spells:

 Spells                   Type           Power        Failure   Level  Hunger
 Blink                    Tloc           N/A          14%         2    ##.....
 Slow                     Hex            #.......     21%         2    ##.....
 Mephitic Cloud           Conj/Pois/Air  #.......     30%         3    ###....


Dungeon Overview and Level Annotations

Branches:
Dungeon (3/15)

Altars:
Fedhas


Innate Abilities, Weirdness & Mutations

You cannot wear most types of armour.
You are very stealthy in the water. (Stealth+)
You are amphibious.
You can wear up to eight rings at the same time.
You can use your tentacles to constrict eight enemies at once.
Your skin changes colour to match your surroundings (Stealth+).
Your rubbery body absorbs attacks. (AC +1, EV +1)


Message History

The orc is lightly wounded.
The orc closely misses you.
You hit the orc. You grab the orc. You squeeze the orc.
The orc is almost dead.
You constrict the orc.
You kill the orc!
The orc wizard gestures at you while chanting.
The magic dart hits you!
Things that are here:
a +0 club; an orc corpse You barely miss the orc wizard.
Your grab misses the orc wizard.
The orc wizard is lightly wounded.
The orc wizard casts a spell at you. The magic dart hits you.
You hit the orc wizard but do no damage.
Your grab misses the orc wizard.
The orc wizard is lightly wounded.
The orc wizard points at you and mumbles some strange words.
The puff of flame hits you!
You die...

...######.......# #.#
...##...........# #.#
...##.###.).....# #.#
................###.####
...##.##...............#
...##.##.#######.##.##.#
......##.# #>##....#
...#####.#### #o#####.#
##..........####@......#
##...<..).......######.#
#..####.#.#.###.######.#
##.# #.#...........(..#
##.# #.#.#.###.########
##.# #.#.#.###.# ##.#
#.........# ##.#
########### ...#


You could see an orc wizard.

Vanquished Creatures
  A scorpion (D:2)
  2 adders (D:2)
  An ooze (D:1)
  A worm (D:2)
  4 dart slugs
  A leopard gecko (D:2)
  An orc (D:2)
  7 bats
  4 giant cockroaches
  3 goblins (D:1)
  8 hobgoblins
  3 jackals (D:1)
  4 kobolds
  A quokka (D:2)
  2 frilled lizards (D:1)
  6 rats
49 creatures vanquished.

Vanquished Creatures (collateral kills)
  A hobgoblin (D:2)
1 creature vanquished.

Grand Total: 50 creatures vanquished

Notes
Turn   | Place    | Note
-------+----------+-------------------------------------------
     0 | D:1      | troglodite the Octopode Wizard began the quest for the Orb.
     0 | D:1      | Reached XP level 1. HP: 11/11 MP: 4/4
   391 | D:1      | Reached XP level 2. HP: 11/17 MP: 3/6
   696 | D:1      | Learned a level 2 spell: Call Imp
   934 | D:1      | Reached XP level 3. HP: 21/21 MP: 3/7
   939 | D:1      | Learned a level 3 spell: Conjure Flame
  1128 | D:1      | You fall through a shaft!
  2010 | D:2      | Found a blossoming altar of Fedhas.
  2091 | D:2      | Reached XP level 4. HP: 27/27 MP: 3/9
  2596 | D:2      | Reached XP level 5. HP: 13/32 MP: 4/10
  3250 | D:2      | Killed from afar by an orc wizard

Skill      XL: |  1  2  3  4 |
---------------+-------------+-----
Stealth        | 3 |  3.6
Conjurations   | 2 |  2.2
Fighting       | |  0.9
Short Blades   | |  0.6
Dodging        | |  2.8
Spellcasting   | |  3.6
Summonings     | |  1.4
Translocations | |  1.0
Fire Magic     | |  0.8

Action                   |  1- 3 |  4- 6 || total
-------------------------+-------+-------++-------
Melee: Unarmed           |    30 |       ||    30
       Tentacles         |    13 |     5 ||    18
       Constrict         |    14 |     8 ||    22
       Dagger            |    27 |    29 ||    56
 Cast: Magic Dart        |    77 |    22 ||    99
       Call Imp          |       |     3 ||     3
       Conjure Flame     |       |     1 ||     1
 Stab: Sleeping          |       |     2 ||     2
  Eat: Chunk             |     4 |     3 ||     7
Armor: Skin              |    17 |     1 ||    18
Dodge: Dodged            |    52 |    16 ||    68
